High Goats vs Carnivores
(R2)
Created - 2 décembre 2013 at 18:57
Goals
|
| High Goats |
1 |
0 |
3 |
4 |
| Carnivores |
0 |
3 |
3 |
6 |
|
Shots
|
| High Goats |
12 |
10 |
8 |
30 |
| Carnivores |
4 |
16 |
18 |
38 |
|
1st period
1. High Goats , Drayson Bowman 2 (Pavel Brendl, Matt Taormina) at 3:25 (PP)
Penalties :
Ian Schultz (Bre) for Hooking (Minor) at 2:49, Billy Sweat (Bre) for Tripping (Minor) at 4:06, Nick Bonino (Buc) for Roughing (Minor) at 12:46, Phil Oreskovic (Bre) for Hooking (Minor) at 18:11
2nd period
2. Carnivores , Evgeny Grachev 1 (Jeremy Welsh, Bobby Sanguinetti) at 2:56
3. Carnivores , Chris Lawrence 13 (Josef Melichar, Keith Aulie) at 4:31
4. Carnivores , Mikael Backlund 5 (Christopher DiDomenico, Jeremy Welsh) at 17:29
Penalties :
Ian Schultz (Bre) for Hooking (Minor) at 9:36, Matt Taormina (Buc) for Hooking (Minor) at 9:36, Matt Frattin (Buc) for Tripping (Minor) at 18:30
3rd period
5. High Goats , Pavel Brendl 14 (Brendon Segal, Matt Taormina) at 4:41
6. High Goats , Jesse Winchester 10 (Chris Stewart) at 7:43
7. Carnivores , Chris Lawrence 14 (Anton Gustafsson) at 9:36 (PP)
8. Carnivores , Phil Oreskovic 3 (Bobby Sanguinetti) at 15:36 (PP)
9. Carnivores , Blake Geoffrion 10 (Evgeny Grachev) at 16:22 (PP)
10. High Goats , Joshua Bailey 4 (Jesse Winchester, Arturs Kulda) at 19:17
Penalties :
Chris Lawrence (Bre) for Holding (Minor) at 5:09, Anton Gustafsson (Bre) for High sticking (Minor) at 7:29, Arturs Kulda (Buc) for Tripping (Minor) at 7:29, Arturs Kulda (Buc) for Hooking (Minor) at 9:32, Arturs Kulda (Buc) for Tripping (Minor) at 10:31, Drayson Bowman (Buc) for Holding (Minor) at 14:25, Jesse Winchester (Buc) for Slashing (Minor) at 16:06, Nick Bonino (Buc) for Delaying the game (Minor) at 16:46, Jesse Winchester (Buc) for Roughing (Minor) at 16:55, Jeremy Welsh (Bre) for Hooking (Minor) at 19:34, Matt Irwin (Buc) for Hooking (Minor) at 19:34
Goalie Stats
Thomas McCollum (Buc), 32 saves from 38 shots - (0,842), L, 1-6-1, 60:00 minutes
Corey Crawford (Bre), 26 saves from 30 shots - (0,867), W, 3-5-1, 60:00 minutes
Players Stats for High Goats
Player Name G A P +/- PIM S H SB GA TA FO MP PP MP PK MP
------------------------------------------------------------------------------------
Anton Stralman 0 0 0 0 0 4 4 2 0 1 0/0 30:50 3:55 6:05
Arturs Kulda 0 1 1 1 6 1 3 1 0 0 0/0 13:03 0:00 2:37
Brandon Bollig 0 0 0 0 0 0 3 0 0 0 0/0 8:51 0:00 0:00
Brendon Segal 0 1 1 -1 0 1 2 0 0 0 0/1 8:01 0:00 1:52
Chris Stewart 0 1 1 0 0 2 4 2 5 1 2/2 24:08 3:39 5:32
Dana Tyrell 0 0 0 -1 0 0 0 0 0 0 1/2 6:50 0:00 0:28
Drayson Bowman 1 0 1 0 2 3 3 0 0 0 0/1 14:46 2:54 0:00
Gord Baldwin 0 0 0 0 0 1 0 0 0 0 0/0 9:28 0:00 0:00
Jason Ryznar 0 0 0 -1 0 2 1 0 0 0 0/0 7:17 0:00 0:42
Jesse Winchester 1 1 2 1 4 4 1 0 0 1 13/34 23:24 3:39 4:33
Jiri Tlusty 0 0 0 -1 0 0 1 1 0 0 1/2 15:44 3:39 0:00
Joshua Bailey 1 0 1 1 0 2 1 0 0 0 4/7 10:44 0:00 1:44
Matt Frattin 0 0 0 0 2 5 0 0 1 0 0/0 8:39 0:00 0:00
Matt Irwin 0 0 0 0 2 0 1 2 0 1 0/0 29:48 3:55 6:05
Matt Taormina 0 2 2 0 2 0 1 2 1 1 0/0 20:05 2:38 3:31
Nick Bonino 0 0 0 1 4 0 2 0 0 0 12/17 18:09 2:54 1:27
Pavel Brendl 1 1 2 0 0 4 1 0 1 0 1/1 16:56 2:54 1:03
Thomas Hickey 0 0 0 -1 0 1 0 1 0 0 0/0 17:17 2:38 0:54
Players Stats for Carnivores
Player Name G A P +/- PIM S H SB GA TA FO MP PP MP PK MP
------------------------------------------------------------------------------------
Anton Gustafsson 0 1 1 1 2 1 0 1 0 0 4/13 18:13 4:11 2:08
Billy Sweat 0 0 0 1 2 2 1 1 0 1 2/2 15:08 4:11 0:00
Blake Geoffrion 1 0 1 0 0 6 1 4 2 0 1/1 22:04 5:22 2:08
Bobby Sanguinetti 0 2 2 1 0 0 0 1 0 0 0/0 18:51 3:35 2:28
Brian Strait 0 0 0 -1 0 1 0 1 0 0 0/0 3:06 0:00 0:00
Chris Butler 0 0 0 0 0 0 0 0 0 0 0/0 9:03 0:00 0:00
Chris Lawrence 2 0 2 1 2 9 0 0 0 0 0/0 14:46 4:11 0:00
Christopher DiDomenico 0 1 1 0 0 0 0 0 0 0 0/0 5:50 0:00 0:00
David Schlemko 0 0 0 0 0 0 0 1 0 0 0/0 9:35 0:00 0:40
Evgeny Grachev 1 1 2 0 0 3 3 1 0 0 7/18 16:27 5:15 0:00
Ian Schultz 0 0 0 0 4 0 0 0 0 0 0/0 9:43 0:03 0:00
Jeff Tambellini 0 0 0 0 0 0 0 0 0 0 0/0 0:54 0:00 0:31
Jeremy Welsh 0 2 2 0 2 1 0 1 2 1 0/0 9:52 0:00 0:22
Jordie Benn 0 0 0 -1 0 0 0 0 0 2 0/0 3:14 0:00 0:08
Josef Melichar 0 1 1 0 0 7 0 3 0 1 0/0 29:06 6:01 4:05
Keith Aulie 0 1 1 0 0 1 2 2 0 3 0/0 29:02 6:01 4:05
Kyle Wilson 0 0 0 0 0 0 0 0 0 0 0/0 3:31 0:10 0:15
Manny Malhotra 0 0 0 -1 0 1 1 0 0 0 15/26 20:47 0:00 3:48
Mikael Backlund 1 0 1 0 0 2 1 0 0 0 3/5 6:35 0:03 0:00
Phil Oreskovic 1 0 1 1 2 1 2 2 0 0 0/0 18:13 3:35 1:40
Tim Conboy 0 0 0 -1 0 3 0 0 1 0 1/2 24:57 5:22 3:54
Zack Smith 0 0 0 0 0 0 0 0 0 0 0/0 0:00 0:00 0:00
3 Stars
1 - Evgeny Grachev (Bre)
2 - Chris Lawrence (Bre)
3 - Pavel Brendl (Buc)
Power Play
High Goats - 1 on 4 Attempt(s) - 25,00%
Carnivores - 3 on 8 Attempt(s) - 37,50%
Penalty Kill
High Goats - 5 on 8 Attempt(s) - 62,50%
- Score 0 goal in Penalty Kill
Carnivores - 3 on 4 Attempt(s) - 75,00%
- Score 0 goal in Penalty Kill
Official
Referees : Sutherland Kelly and Meier Brad
Linesman : Tony Sericolo and Mike Cvik
Game Notes
No Game Note
Finance
Level 1 -- Attendance: 1326 (66,30%) -- Ticket Income 47 736 $
Level 2 -- Attendance: 653 (65,30%) -- Ticket Income 11 101 $
Total Attendance: 1979 (65,97%)
Total Ticket Income: 58 837 $
Other Income: 2 942 $
Total Income: 61 779 $
High Goats
5 vs 5 Forward
Center Left Wing Right Wing Time % Phy DF OF
1 Jesse Winchester Jiri Tlusty Chris Stewart 40 1 2 2
2 Nick Bonino Drayson Bowman Pavel Brendl 30 1 2 2
3 Joshua Bailey Brandon Bollig Matt Frattin 20 1 2 2
4 Dana Tyrell Jason Ryznar Brendon Segal 10 1 2 2
5 vs 5 Defense
Defense Defense Time % Phy DF OF
1 Anton Stralman Matt Irwin 40 1 2 2
2 Matt Taormina Thomas Hickey 30 1 2 2
3 Arturs Kulda Gord Baldwin 20 1 2 2
4 Anton Stralman Matt Irwin 10 1 2 2
PowerPlay Forward
Center Left Wing Right Wing Time % Phy DF OF
1 Jesse Winchester Jiri Tlusty Chris Stewart 60 1 1 3
2 Nick Bonino Drayson Bowman Pavel Brendl 40 1 1 3
PowerPlay Defense
Defense Defense Time % Phy DF OF
1 Anton Stralman Matt Irwin 60 1 2 2
2 Matt Taormina Thomas Hickey 40 1 2 2
Penalty Kill 4 Players Forward
Center Wing Time % Phy DF OF
1 Jesse Winchester Chris Stewart 60 1 2 2
2 Nick Bonino Brendon Segal 40 1 2 2
Penalty Kill 4 Players Defense
Defense Defense Time % Phy DF OF
1 Anton Stralman Matt Irwin 60 1 2 2
2 Matt Taormina Arturs Kulda 40 1 2 2
Penalty Kill - 3 Players Forward
Forward Time % Phy DF OF
1 Pavel Brendl 60 1 2 2
2 Chris Stewart 40 1 2 2
Penalty Kill - 3 Players Defense
Defense Defense Time % Phy DF OF
1 Anton Stralman Matt Irwin 60 1 2 2
2 Matt Taormina Arturs Kulda 40 1 2 2
4 vs 4 Forward
Center Wing Time % Phy DF OF
1 Jesse Winchester Chris Stewart 60 1 2 2
2 Nick Bonino Pavel Brendl 40 1 2 2
4 vs 4 Defense
Defense Defense Time % Phy DF OF
1 Anton Stralman Matt Irwin 60 1 2 2
2 Matt Taormina Thomas Hickey 40 1 2 2
Last Minutes Offensive
Center Left Wing Right Wing Defense Defense
Jesse Winchester Jiri Tlusty Chris Stewart Anton Stralman Matt Irwin
Last Minutes Defensive
Center Left Wing Right Wing Defense Defense
Jesse Winchester Jiri Tlusty Chris Stewart Anton Stralman Matt Irwin
Goaltenders
Starting : Thomas McCollum
Backup : Keith Kinkaid
Extra Forwards
Normal : Brandon Bollig, Matt Frattin, Joshua Bailey - PP : Brandon Bollig, Matt Frattin - PK : Joshua Bailey
Extra Defensemen
Normal : Arturs Kulda, Thomas Hickey, Matt Taormina - PP : Arturs Kulda - PK : Thomas Hickey, Matt Taormina
Penalty Shots
Pavel Brendl, Chris Stewart, Jesse Winchester, Brendon Segal, Jason Ryznar
Carnivores
5 vs 5 Forward
Center Left Wing Right Wing Time % Phy DF OF
1 Manny Malhotra Blake Geoffrion Tim Conboy 40 1 2 2
2 Anton Gustafsson Billy Sweat Chris Lawrence 30 1 2 2
3 Evgeny Grachev Jeremy Welsh Ian Schultz 20 1 2 2
4 Mikael Backlund Christopher DiDomenico Manny Malhotra 10 1 2 2
5 vs 5 Defense
Defense Defense Time % Phy DF OF
1 Josef Melichar Keith Aulie 40 1 2 2
2 Bobby Sanguinetti Phil Oreskovic 30 1 2 2
3 Chris Butler David Schlemko 20 1 2 2
4 Jordie Benn Brian Strait 10 1 2 2
PowerPlay Forward
Center Left Wing Right Wing Time % Phy DF OF
1 Evgeny Grachev Blake Geoffrion Tim Conboy 60 1 2 2
2 Anton Gustafsson Billy Sweat Chris Lawrence 40 1 2 2
PowerPlay Defense
Defense Defense Time % Phy DF OF
1 Josef Melichar Keith Aulie 60 1 2 2
2 Bobby Sanguinetti Phil Oreskovic 40 1 2 2
Penalty Kill 4 Players Forward
Center Wing Time % Phy DF OF
1 Manny Malhotra Tim Conboy 60 1 2 2
2 Anton Gustafsson Blake Geoffrion 40 1 2 2
Penalty Kill 4 Players Defense
Defense Defense Time % Phy DF OF
1 Josef Melichar Keith Aulie 60 1 2 2
2 Bobby Sanguinetti Phil Oreskovic 40 1 2 2
Penalty Kill - 3 Players Forward
Forward Time % Phy DF OF
1 Manny Malhotra 60 1 2 2
2 Tim Conboy 40 1 2 2
Penalty Kill - 3 Players Defense
Defense Defense Time % Phy DF OF
1 Josef Melichar Keith Aulie 60 1 2 2
2 Bobby Sanguinetti Phil Oreskovic 40 1 2 2
4 vs 4 Forward
Center Wing Time % Phy DF OF
1 Evgeny Grachev Tim Conboy 60 1 2 2
2 Anton Gustafsson Blake Geoffrion 40 1 2 2
4 vs 4 Defense
Defense Defense Time % Phy DF OF
1 Josef Melichar Keith Aulie 60 1 2 2
2 Bobby Sanguinetti Phil Oreskovic 40 1 2 2
Last Minutes Offensive
Center Left Wing Right Wing Defense Defense
Manny Malhotra Blake Geoffrion Tim Conboy Josef Melichar Keith Aulie
Last Minutes Defensive
Center Left Wing Right Wing Defense Defense
Manny Malhotra Blake Geoffrion Tim Conboy Josef Melichar Keith Aulie
Goaltenders
Starting : Corey Crawford
Backup : Steve Mason
Extra Forwards
Normal : Kyle Wilson, Mikael Backlund, Jeremy Welsh - PP : Kyle Wilson, Mikael Backlund - PK : Jeremy Welsh
Extra Defensemen
Normal : Chris Butler, David Schlemko, Jordie Benn - PP : Chris Butler - PK : David Schlemko, Jordie Benn
Penalty Shots
Manny Malhotra, Tim Conboy, Evgeny Grachev, Blake Geoffrion, Kyle Wilson
% Time on Ice - High Goats
Lines # - Real PCT - Wanted PCT - Time Play
Normal Forward
1 - 35% - 40% - 13:40
2 - 30% - 30% - 11:57
3 - 20% - 20% - 7:49
4 - 15% - 10% - 6:02
Normal Defense
1 - 43% - 40% - 16:53
2 - 34% - 30% - 13:20
3 - 22% - 20% - 8:52
4 - 1% - 10% - 0:23
PP Forward
1 - 56% - 60% - 3:39
2 - 44% - 40% - 2:54
PP Defense
1 - 60% - 60% - 3:55
2 - 40% - 40% - 2:38
PK Forward
1 - 76% - 60% - 5:54
2 - 24% - 40% - 1:52
PK Defense
1 - 64% - 60% - 4:59
2 - 36% - 40% - 2:47
PK3 Forward
1 - 74% - 60% - 1:21
2 - 26% - 40% - 0:29
PK3 Defense
1 - 60% - 60% - 1:06
2 - 40% - 40% - 0:44
44 Forward
1 - 76% - 60% - 3:21
2 - 24% - 40% - 1:02
44 Defense
1 - 68% - 60% - 2:58
2 - 32% - 40% - 1:25
Last Minute Offensive - 0:00
Last Minute Defensive - 0:00
Total
Forward - 60:00
Defense - 60:00
|
% Time on Ice - Carnivores
Lines # - Real PCT - Wanted PCT - Time Play
Normal Forward
1 - 34% - 40% - 13:21
2 - 29% - 30% - 11:23
3 - 23% - 20% - 8:54
4 - 15% - 10% - 5:50
Normal Defense
1 - 41% - 40% - 16:09
2 - 29% - 30% - 11:18
3 - 23% - 20% - 8:55
4 - 8% - 10% - 3:06
PP Forward
1 - 56% - 60% - 5:25
2 - 44% - 40% - 4:11
PP Defense
1 - 63% - 60% - 6:01
2 - 37% - 40% - 3:35
PK Forward
1 - 67% - 60% - 4:25
2 - 33% - 40% - 2:08
PK Defense
1 - 62% - 60% - 4:05
2 - 38% - 40% - 2:28
PK3 Forward
1 - 0% - 60%
2 - 0% - 40%
PK3 Defense
1 - 0% - 60%
2 - 0% - 40%
44 Forward
1 - 76% - 60% - 3:19
2 - 24% - 40% - 1:04
44 Defense
1 - 66% - 60% - 2:53
2 - 34% - 40% - 1:30
Last Minute Offensive - 0:00
Last Minute Defensive - 0:00
Total
Forward - 60:00
Defense - 60:00
|
Play by Play
1st period
0:01 of 1st period - Jesse Winchester wins face-off versus Manny Malhotra in neutral zone.
0:27 of 1st period - Keith Aulie is hit by Drayson Bowman.
0:51 of 1st period - Backhand shot by Matt Frattin.
0:51 of 1st period - Stopped by Corey Crawford with a rebound.
0:53 of 1st period - Snap shot by Arturs Kulda.
0:53 of 1st period - Stopped by Corey Crawford without a rebound.
0:54 of 1st period - Mikael Backlund wins face-off versus Dana Tyrell in Carnivores zone.
1:07 of 1st period - Backhand shot by Mikael Backlund.
1:07 of 1st period - Deflect By Manny Malhotra.
1:07 of 1st period - Shot Blocked by Arturs Kulda.
1:07 of 1st period - Puck is out of play.
1:08 of 1st period - Manny Malhotra wins face-off versus Jesse Winchester in High Goats zone.
1:11 of 1st period - Snap shot by Blake Geoffrion.
1:11 of 1st period - Stopped by Thomas McCollum with a rebound.
1:35 of 1st period - Snap shot by Pavel Brendl.
1:35 of 1st period - Shot Misses the Net.
1:41 of 1st period - Snap shot by Evgeny Grachev.
1:41 of 1st period - Stopped by Thomas McCollum with a rebound.
1:43 of 1st period - Snap shot by Jeremy Welsh.
1:43 of 1st period - Shot Blocked by Matt Taormina.
2:04 of 1st period - Off-side.
2:05 of 1st period - Manny Malhotra wins face-off versus Jesse Winchester in neutral zone.
2:14 of 1st period - Snap shot by Tim Conboy.
2:14 of 1st period - Shot Blocked by Chris Stewart.
2:16 of 1st period - Slapshot by Brian Strait.
2:16 of 1st period - Stopped by Thomas McCollum with a rebound.
2:18 of 1st period - Snap shot by Manny Malhotra.
2:18 of 1st period - Shot Blocked by Matt Irwin.
2:20 of 1st period - Snap shot by Tim Conboy.
2:20 of 1st period - Shot Misses the Net.
2:49 of 1st period - Minor Penalty to Ian Schultz for Hooking.
2:50 of 1st period - Manny Malhotra wins face-off versus Jesse Winchester in Carnivores zone.
3:23 of 1st period - Wrist shot by Drayson Bowman.
3:23 of 1st period - Shot Blocked by Blake Geoffrion.
3:25 of 1st period - Snap shot by Drayson Bowman.
3:25 of 1st period - Goal by Drayson Bowman - High Goats : 1 - Carnivores : 0.
3:26 of 1st period - Manny Malhotra wins face-off versus Jesse Winchester in neutral zone.
4:01 of 1st period - Wrist shot by Matt Frattin.
4:01 of 1st period - Stopped by Corey Crawford without a rebound.
4:02 of 1st period - Nick Bonino wins face-off versus Anton Gustafsson in Carnivores zone.
4:06 of 1st period - Minor Penalty to Billy Sweat for Tripping.
4:07 of 1st period - Manny Malhotra wins face-off versus Jiri Tlusty in Carnivores zone.
4:32 of 1st period - Josef Melichar is hit by Anton Stralman and loses puck.
4:37 of 1st period - Snap shot by Pavel Brendl.
4:37 of 1st period - Shot Misses the Net.
4:39 of 1st period - Backhand shot by Thomas Hickey.
4:39 of 1st period - Stopped by Corey Crawford without a rebound.
4:40 of 1st period - Manny Malhotra wins face-off versus Nick Bonino in Carnivores zone.
4:45 of 1st period - Nick Bonino is hit by Phil Oreskovic.
6:06 of 1st period - Penalty to Billy Sweat is over, Billy Sweat is back on ice.
6:43 of 1st period - Icing by Arturs Kulda.
6:44 of 1st period - Joshua Bailey wins face-off versus Mikael Backlund in High Goats zone.
7:11 of 1st period - Snap shot by Mikael Backlund.
7:11 of 1st period - Shot Misses the Net.
7:39 of 1st period - Jeremy Welsh is hit by Brandon Bollig and loses puck.
7:50 of 1st period - Slapshot by Matt Irwin.
7:50 of 1st period - Shot Misses the Net.
8:12 of 1st period - Snap shot by Nick Bonino.
8:12 of 1st period - Shot Misses the Net.
8:39 of 1st period - Chris Butler is hit by Chris Stewart and loses puck.
9:06 of 1st period - Snap shot by Anton Stralman.
9:06 of 1st period - Deflect By Brendon Segal.
9:06 of 1st period - Stopped by Corey Crawford with a rebound.
9:08 of 1st period - Wrist shot by Brendon Segal.
9:08 of 1st period - Shot Misses the Net.
9:55 of 1st period - Manny Malhotra is hit by Brandon Bollig and loses puck.
10:49 of 1st period - Josef Melichar is hit by Jiri Tlusty and loses puck.
11:10 of 1st period - Billy Sweat is hit by Nick Bonino and loses puck.
11:29 of 1st period - Snap shot by Joshua Bailey.
11:29 of 1st period - Shot Blocked by Evgeny Grachev.
11:31 of 1st period - Snap shot by Matt Frattin.
11:31 of 1st period - Shot Misses the Net.
11:33 of 1st period - Slapshot by Thomas Hickey.
11:33 of 1st period - Deflect By Matt Frattin.
11:33 of 1st period - Stopped by Corey Crawford with a rebound.
11:35 of 1st period - Snap shot by Matt Taormina.
11:35 of 1st period - Shot Blocked by Brian Strait.
11:45 of 1st period - Wrist shot by Manny Malhotra.
11:45 of 1st period - Stopped by Thomas McCollum with a rebound.
12:01 of 1st period - Phil Oreskovic is hit by Jason Ryznar.
12:21 of 1st period - Chris Lawrence is hit by Arturs Kulda and loses puck.
12:26 of 1st period - Wrist shot by Drayson Bowman.
12:26 of 1st period - Deflect By Pavel Brendl.
12:26 of 1st period - Stopped by Corey Crawford without a rebound.
12:27 of 1st period - Evgeny Grachev wins face-off versus Drayson Bowman in Carnivores zone.
12:27 of 1st period - Evgeny Grachev is hit by Drayson Bowman.
12:46 of 1st period - Minor Penalty to Nick Bonino for Roughing.
12:47 of 1st period - Jesse Winchester wins face-off versus Evgeny Grachev in High Goats zone.
14:14 of 1st period - Evgeny Grachev is hit by Joshua Bailey and loses puck.
14:46 of 1st period - Penalty to Nick Bonino is over, Nick Bonino is back on ice.
15:36 of 1st period - Kyle Wilson is hit by Brandon Bollig and loses puck.
16:09 of 1st period - Snap shot by Jason Ryznar.
16:09 of 1st period - Stopped by Corey Crawford with a rebound.
16:11 of 1st period - Slapshot by Gord Baldwin.
16:11 of 1st period - Stopped by Corey Crawford with a rebound.
16:13 of 1st period - Snap shot by Matt Frattin.
16:13 of 1st period - Stopped by Corey Crawford with a rebound.
16:27 of 1st period - Evgeny Grachev is hit by Jesse Winchester and loses puck.
17:38 of 1st period - Josef Melichar is hit by Drayson Bowman and loses puck.
18:04 of 1st period - Bobby Sanguinetti is hit by Anton Stralman.
18:11 of 1st period - Minor Penalty to Phil Oreskovic for Hooking.
18:12 of 1st period - Jesse Winchester wins face-off versus Manny Malhotra in Carnivores zone.
18:26 of 1st period - Snap shot by Jesse Winchester.
18:26 of 1st period - Deflect By Chris Stewart.
18:26 of 1st period - Stopped by Corey Crawford with a rebound.
18:28 of 1st period - Snap shot by Jiri Tlusty.
18:28 of 1st period - Shot Hit the Post.
18:38 of 1st period - Josef Melichar is hit by Matt Irwin and loses puck.
2nd period
0:01 of 2nd period - Manny Malhotra wins face-off versus Jesse Winchester in neutral zone.
0:11 of 2nd period - Penalty to Phil Oreskovic is over, Phil Oreskovic is back on ice.
0:12 of 2nd period - Chris Stewart is hit by Manny Malhotra and loses puck.
0:32 of 2nd period - Slapshot by Anton Stralman.
0:32 of 2nd period - Stopped by Corey Crawford with a rebound.
0:34 of 2nd period - Snap shot by Pavel Brendl.
0:34 of 2nd period - Shot Misses the Net.
0:43 of 2nd period - Off-side.
0:44 of 2nd period - Evgeny Grachev wins face-off versus Joshua Bailey in neutral zone.
1:17 of 2nd period - Snap shot by Josef Melichar.
1:17 of 2nd period - Shot Blocked by Thomas Hickey.
1:19 of 2nd period - Slapshot by Blake Geoffrion.
1:19 of 2nd period - Stopped by Thomas McCollum without a rebound.
1:20 of 2nd period - Billy Sweat wins face-off versus Jesse Winchester in High Goats zone.
1:21 of 2nd period - Slapshot by Bobby Sanguinetti.
1:21 of 2nd period - Shot Misses the Net.
1:32 of 2nd period - Wrist shot by Chris Stewart.
1:32 of 2nd period - Deflect By Billy Sweat.
1:32 of 2nd period - Stopped by Corey Crawford with a rebound.
1:34 of 2nd period - Wrist shot by Jesse Winchester.
1:34 of 2nd period - Stopped by Corey Crawford without a rebound.
1:35 of 2nd period - Nick Bonino wins face-off versus Manny Malhotra in Carnivores zone.
1:38 of 2nd period - Slapshot by Nick Bonino.
1:38 of 2nd period - Deflect By Drayson Bowman.
1:38 of 2nd period - Stopped by Corey Crawford without a rebound.
1:39 of 2nd period - Nick Bonino wins face-off versus Manny Malhotra in Carnivores zone.
1:48 of 2nd period - Slapshot by Josef Melichar.
1:48 of 2nd period - Stopped by Thomas McCollum with a rebound.
2:38 of 2nd period - Slapshot by Chris Lawrence.
2:38 of 2nd period - Stopped by Thomas McCollum with a rebound.
2:50 of 2nd period - Backhand shot by Anton Gustafsson.
2:50 of 2nd period - Shot Misses the Net.
2:52 of 2nd period - Slapshot by Bobby Sanguinetti.
2:52 of 2nd period - Shot Misses the Net.
2:54 of 2nd period - Slapshot by Jeremy Welsh.
2:54 of 2nd period - Stopped by Thomas McCollum with a rebound.
2:56 of 2nd period - Wrist shot by Evgeny Grachev.
2:56 of 2nd period - Goal by Evgeny Grachev - High Goats : 1 - Carnivores : 1.
2:57 of 2nd period - Manny Malhotra wins face-off versus Jesse Winchester in neutral zone.
3:23 of 2nd period - Matt Irwin is hit by Phil Oreskovic.
3:45 of 2nd period - Slapshot by Anton Stralman.
3:45 of 2nd period - Stopped by Corey Crawford with a rebound.
3:59 of 2nd period - Icing by Thomas Hickey.
4:00 of 2nd period - Dana Tyrell wins face-off versus Mikael Backlund in High Goats zone.
4:00 of 2nd period - Dana Tyrell is hit by Keith Aulie.
4:31 of 2nd period - Wrist shot by Chris Lawrence.
4:31 of 2nd period - Goal by Chris Lawrence - High Goats : 1 - Carnivores : 2.
4:32 of 2nd period - Jesse Winchester wins face-off versus Manny Malhotra in neutral zone.
4:39 of 2nd period - Off-side.
4:40 of 2nd period - Jesse Winchester wins face-off versus Manny Malhotra in neutral zone.
5:33 of 2nd period - Slapshot by Anton Stralman.
5:33 of 2nd period - Shot Blocked by Josef Melichar.
5:43 of 2nd period - Backhand shot by Tim Conboy.
5:43 of 2nd period - Shot Misses the Net.
5:55 of 2nd period - Wrist shot by Jesse Winchester.
5:55 of 2nd period - Shot Blocked by Josef Melichar.
6:19 of 2nd period - Slapshot by Anton Stralman.
6:19 of 2nd period - Deflect By Blake Geoffrion.
6:19 of 2nd period - Stopped by Corey Crawford with a rebound.
6:29 of 2nd period - Snap shot by Manny Malhotra.
6:29 of 2nd period - Shot Blocked by Chris Stewart.
6:31 of 2nd period - Slapshot by Josef Melichar.
6:31 of 2nd period - Stopped by Thomas McCollum without a rebound.
6:32 of 2nd period - Anton Gustafsson wins face-off versus Nick Bonino in High Goats zone.
6:33 of 2nd period - Slapshot by Chris Lawrence.
6:33 of 2nd period - Shot Misses the Net.
6:35 of 2nd period - Snap shot by Billy Sweat.
6:35 of 2nd period - Stopped by Thomas McCollum with a rebound.
6:37 of 2nd period - Wrist shot by Anton Gustafsson.
6:37 of 2nd period - Deflect By Chris Lawrence.
6:37 of 2nd period - Stopped by Thomas McCollum with a rebound.
6:39 of 2nd period - Snap shot by Chris Lawrence.
6:39 of 2nd period - Stopped by Thomas McCollum without a rebound.
6:40 of 2nd period - Anton Gustafsson wins face-off versus Nick Bonino in High Goats zone.
6:41 of 2nd period - Wrist shot by Chris Lawrence.
6:41 of 2nd period - Stopped by Thomas McCollum with a rebound.
6:43 of 2nd period - Slapshot by Chris Lawrence.
6:43 of 2nd period - Deflect By Billy Sweat.
6:43 of 2nd period - Stopped by Thomas McCollum with a rebound.
6:45 of 2nd period - Slapshot by Phil Oreskovic.
6:45 of 2nd period - Shot Misses the Net.
6:47 of 2nd period - Wrist shot by Bobby Sanguinetti.
6:47 of 2nd period - Deflect By Billy Sweat.
6:47 of 2nd period - Shot Misses the Net.
6:47 of 2nd period - Puck is out of play.
6:48 of 2nd period - Nick Bonino wins face-off versus Anton Gustafsson in High Goats zone.
7:13 of 2nd period - Bobby Sanguinetti is hit by Brendon Segal and loses puck.
7:20 of 2nd period - Snap shot by Jason Ryznar.
7:20 of 2nd period - Stopped by Corey Crawford with a rebound.
7:56 of 2nd period - Snap shot by Anton Gustafsson.
7:56 of 2nd period - Stopped by Thomas McCollum with a rebound.
7:58 of 2nd period - Wrist shot by Billy Sweat.
7:58 of 2nd period - Shot Misses the Net.
8:22 of 2nd period - Wrist shot by Evgeny Grachev.
8:22 of 2nd period - Stopped by Thomas McCollum with a rebound.
8:34 of 2nd period - Jason Ryznar is hit by Mikael Backlund and loses puck.
9:11 of 2nd period - Snap shot by Nick Bonino.
9:11 of 2nd period - Shot Blocked by Jeremy Welsh.
9:36 of 2nd period - Minor Penalty to Ian Schultz for Hooking.
9:36 of 2nd period - Minor Penalty to Matt Taormina for Hooking.
9:37 of 2nd period - Jesse Winchester wins face-off versus Evgeny Grachev in neutral zone.
9:52 of 2nd period - Slapshot by Josef Melichar.
9:52 of 2nd period - Stopped by Thomas McCollum with a rebound.
10:07 of 2nd period - Icing by Josef Melichar.
10:08 of 2nd period - Evgeny Grachev wins face-off versus Jesse Winchester in Carnivores zone.
11:36 of 2nd period - Penalty to Ian Schultz is over, Ian Schultz is back on ice.
11:36 of 2nd period - Penalty to Matt Taormina is over, Matt Taormina is back on ice.
11:50 of 2nd period - Snap shot by Anton Stralman.
11:50 of 2nd period - Shot Blocked by Anton Gustafsson.
12:07 of 2nd period - Icing by Bobby Sanguinetti.
12:08 of 2nd period - Nick Bonino wins face-off versus Anton Gustafsson in Carnivores zone.
12:23 of 2nd period - Wrist shot by Nick Bonino.
12:23 of 2nd period - Deflect By Drayson Bowman.
12:23 of 2nd period - Shot Misses the Net.
12:23 of 2nd period - Puck is out of play.
12:24 of 2nd period - Mikael Backlund wins face-off versus Jesse Winchester in Carnivores zone.
13:21 of 2nd period - Wrist shot by Brendon Segal.
13:21 of 2nd period - Shot Misses the Net.
13:49 of 2nd period - Backhand shot by Pavel Brendl.
13:49 of 2nd period - Shot Misses the Net.
14:21 of 2nd period - Snap shot by Jesse Winchester.
14:21 of 2nd period - Stopped by Corey Crawford without a rebound.
14:22 of 2nd period - Nick Bonino wins face-off versus Manny Malhotra in Carnivores zone.
14:29 of 2nd period - Slapshot by Pavel Brendl.
14:29 of 2nd period - Shot Blocked by Phil Oreskovic.
14:31 of 2nd period - Slapshot by Drayson Bowman.
14:31 of 2nd period - Stopped by Corey Crawford without a rebound.
14:32 of 2nd period - Nick Bonino wins face-off versus Manny Malhotra in Carnivores zone.
14:47 of 2nd period - Wrist shot by Nick Bonino.
14:47 of 2nd period - Shot Blocked by Blake Geoffrion.
15:50 of 2nd period - Icing by Bobby Sanguinetti.
15:51 of 2nd period - Manny Malhotra wins face-off versus Jesse Winchester in Carnivores zone.
15:51 of 2nd period - Phil Oreskovic is hit by Chris Stewart and loses puck.
16:55 of 2nd period - Josef Melichar is hit by Matt Taormina.
17:29 of 2nd period - Snap shot by Mikael Backlund.
17:29 of 2nd period - Goal by Mikael Backlund - High Goats : 1 - Carnivores : 3.
17:30 of 2nd period - Jesse Winchester wins face-off versus Anton Gustafsson in neutral zone.
17:35 of 2nd period - Snap shot by Jesse Winchester.
17:35 of 2nd period - Stopped by Corey Crawford with a rebound.
18:25 of 2nd period - Slapshot by Matt Irwin.
18:25 of 2nd period - Deflect By Joshua Bailey.
18:25 of 2nd period - Shot Blocked by Bobby Sanguinetti.
18:25 of 2nd period - Puck is out of play.
18:26 of 2nd period - Joshua Bailey wins face-off versus Manny Malhotra in Carnivores zone.
18:30 of 2nd period - Minor Penalty to Matt Frattin for Tripping.
18:31 of 2nd period - Chris Stewart wins face-off versus Evgeny Grachev in High Goats zone.
3rd period
0:01 of 3rd period - Jesse Winchester wins face-off versus Evgeny Grachev in neutral zone.
0:14 of 3rd period - Backhand shot by Josef Melichar.
0:14 of 3rd period - Shot Misses the Net.
0:30 of 3rd period - Penalty to Matt Frattin is over, Matt Frattin is back on ice.
0:54 of 3rd period - Bobby Sanguinetti is hit by Pavel Brendl and loses puck.
1:19 of 3rd period - Bobby Sanguinetti is hit by Brendon Segal and loses puck.
1:51 of 3rd period - Snap shot by Chris Lawrence.
1:51 of 3rd period - Stopped by Thomas McCollum without a rebound.
1:52 of 3rd period - Nick Bonino wins face-off versus Anton Gustafsson in High Goats zone.
1:57 of 3rd period - Snap shot by Drayson Bowman.
1:57 of 3rd period - Shot Misses the Net.
2:34 of 3rd period - Icing by David Schlemko.
2:35 of 3rd period - Joshua Bailey wins face-off versus Manny Malhotra in Carnivores zone.
2:36 of 3rd period - Slapshot by Matt Irwin.
2:36 of 3rd period - Shot Blocked by Blake Geoffrion.
2:38 of 3rd period - Wrist shot by Drayson Bowman.
2:38 of 3rd period - Shot Blocked by David Schlemko.
2:40 of 3rd period - Snap shot by Pavel Brendl.
2:40 of 3rd period - Stopped by Corey Crawford without a rebound.
2:41 of 3rd period - Nick Bonino wins face-off versus Anton Gustafsson in Carnivores zone.
2:50 of 3rd period - Snap shot by Anton Gustafsson.
2:50 of 3rd period - Shot Misses the Net.
2:52 of 3rd period - Wrist shot by Chris Lawrence.
2:52 of 3rd period - Deflect By Anton Gustafsson.
2:52 of 3rd period - Shot Misses the Net.
2:52 of 3rd period - Puck is out of play.
2:53 of 3rd period - Manny Malhotra wins face-off versus Jesse Winchester in High Goats zone.
3:00 of 3rd period - Slapshot by Blake Geoffrion.
3:00 of 3rd period - Stopped by Thomas McCollum without a rebound.
3:01 of 3rd period - Manny Malhotra wins face-off versus Jesse Winchester in High Goats zone.
3:14 of 3rd period - Wrist shot by Tim Conboy.
3:14 of 3rd period - Shot Blocked by Jiri Tlusty.
3:16 of 3rd period - Wrist shot by Tim Conboy.
3:16 of 3rd period - Stopped by Thomas McCollum without a rebound.
3:17 of 3rd period - Billy Sweat wins face-off versus Nick Bonino in High Goats zone.
3:18 of 3rd period - Snap shot by Chris Lawrence.
3:18 of 3rd period - Stopped by Thomas McCollum without a rebound.
3:19 of 3rd period - Nick Bonino wins face-off versus Anton Gustafsson in High Goats zone.
3:28 of 3rd period - Slapshot by Anton Stralman.
3:28 of 3rd period - Deflect By Josef Melichar.
3:28 of 3rd period - Stopped by Corey Crawford with a rebound.
3:51 of 3rd period - Slapshot by Matt Taormina.
3:51 of 3rd period - Shot Blocked by Keith Aulie.
4:07 of 3rd period - Slapshot by Bobby Sanguinetti.
4:07 of 3rd period - Shot Blocked by Matt Taormina.
4:41 of 3rd period - Wrist shot by Pavel Brendl.
4:41 of 3rd period - Goal by Pavel Brendl - High Goats : 2 - Carnivores : 3.
4:42 of 3rd period - Manny Malhotra wins face-off versus Jesse Winchester in neutral zone.
5:07 of 3rd period - Josef Melichar is hit by Nick Bonino and loses puck.
5:09 of 3rd period - Minor Penalty to Chris Lawrence for Holding.
5:10 of 3rd period - Manny Malhotra wins face-off versus Jesse Winchester in Carnivores zone.
5:40 of 3rd period - Wrist shot by Pavel Brendl.
5:40 of 3rd period - Stopped by Corey Crawford without a rebound.
5:41 of 3rd period - Nick Bonino wins face-off versus Manny Malhotra in Carnivores zone.
6:13 of 3rd period - Wrist shot by Jesse Winchester.
6:13 of 3rd period - Deflect By Jiri Tlusty.
6:13 of 3rd period - Shot Misses the Net.
6:13 of 3rd period - Puck is out of play.
6:14 of 3rd period - Jiri Tlusty wins face-off versus Tim Conboy in Carnivores zone.
6:56 of 3rd period - Slapshot by Matt Irwin.
6:56 of 3rd period - Shot Blocked by Blake Geoffrion.
7:09 of 3rd period - Penalty to Chris Lawrence is over, Chris Lawrence is back on ice.
7:29 of 3rd period - Minor Penalty to Anton Gustafsson for High sticking.
7:29 of 3rd period - Minor Penalty to Arturs Kulda for Tripping.
7:30 of 3rd period - Jesse Winchester wins face-off versus Evgeny Grachev in Carnivores zone.
7:33 of 3rd period - Snap shot by Chris Stewart.
7:33 of 3rd period - Shot Blocked by Josef Melichar.
7:41 of 3rd period - Backhand shot by Chris Stewart.
7:41 of 3rd period - Shot Hit the Post.
7:43 of 3rd period - Snap shot by Jesse Winchester.
7:43 of 3rd period - Goal by Jesse Winchester - High Goats : 3 - Carnivores : 3.
7:44 of 3rd period - Jesse Winchester wins face-off versus Evgeny Grachev in neutral zone.
7:59 of 3rd period - Chris Stewart is hit by Evgeny Grachev and loses puck.
8:28 of 3rd period - Snap shot by Blake Geoffrion.
8:28 of 3rd period - Stopped by Thomas McCollum with a rebound.
9:29 of 3rd period - Penalty to Anton Gustafsson is over, Anton Gustafsson is back on ice.
9:29 of 3rd period - Penalty to Arturs Kulda is over, Arturs Kulda is back on ice.
9:32 of 3rd period - Minor Penalty to Arturs Kulda for Hooking.
9:33 of 3rd period - Anton Gustafsson wins face-off versus Jesse Winchester in High Goats zone.
9:34 of 3rd period - Slapshot by Chris Lawrence.
9:34 of 3rd period - Stopped by Thomas McCollum with a rebound.
9:36 of 3rd period - Wrist shot by Chris Lawrence.
9:36 of 3rd period - Goal by Chris Lawrence - High Goats : 3 - Carnivores : 4.
9:37 of 3rd period - Manny Malhotra wins face-off versus Jesse Winchester in neutral zone.
9:42 of 3rd period - Matt Irwin is hit by Keith Aulie and loses puck.
9:51 of 3rd period - Snap shot by Tim Conboy.
9:51 of 3rd period - Deflect By Matt Irwin.
9:51 of 3rd period - Shot Misses the Net.
9:51 of 3rd period - Puck is out of play.
9:52 of 3rd period - Nick Bonino wins face-off versus Anton Gustafsson in High Goats zone.
9:52 of 3rd period - Nick Bonino is hit by Billy Sweat.
10:05 of 3rd period - Slapshot by Keith Aulie.
10:05 of 3rd period - Shot Misses the Net.
10:31 of 3rd period - Minor Penalty to Arturs Kulda for Tripping.
10:32 of 3rd period - Evgeny Grachev wins face-off versus Jesse Winchester in High Goats zone.
10:37 of 3rd period - Snap shot by Blake Geoffrion.
10:37 of 3rd period - Shot Misses the Net.
10:39 of 3rd period - Slapshot by Josef Melichar.
10:39 of 3rd period - Stopped by Thomas McCollum with a rebound.
10:41 of 3rd period - Slapshot by Keith Aulie.
10:41 of 3rd period - Shot Blocked by Matt Irwin.
10:43 of 3rd period - Snap shot by Tim Conboy.
10:43 of 3rd period - Shot Blocked by Anton Stralman.
10:45 of 3rd period - Wrist shot by Tim Conboy.
10:45 of 3rd period - Stopped by Thomas McCollum with a rebound.
10:47 of 3rd period - Snap shot by Josef Melichar.
10:47 of 3rd period - Deflect By Chris Stewart.
10:47 of 3rd period - Stopped by Thomas McCollum with a rebound.
10:58 of 3rd period - Icing by Phil Oreskovic.
10:59 of 3rd period - Chris Stewart wins face-off versus Anton Gustafsson in Carnivores zone.
11:00 of 3rd period - Slapshot by Jesse Winchester.
11:00 of 3rd period - Deflect By Chris Stewart.
11:00 of 3rd period - Shot Blocked by Phil Oreskovic.
11:00 of 3rd period - Puck is out of play.
11:01 of 3rd period - Anton Gustafsson wins face-off versus Jesse Winchester in Carnivores zone.
11:01 of 3rd period - Anton Gustafsson is hit by Chris Stewart.
11:09 of 3rd period - Snap shot by Anton Gustafsson.
11:09 of 3rd period - Shot Misses the Net.
11:11 of 3rd period - Slapshot by Josef Melichar.
11:11 of 3rd period - Stopped by Thomas McCollum without a rebound.
11:12 of 3rd period - Jesse Winchester wins face-off versus Evgeny Grachev in High Goats zone.
11:12 of 3rd period - Jesse Winchester is hit by Evgeny Grachev.
11:24 of 3rd period - Blake Geoffrion is hit by Chris Stewart and loses puck.
12:31 of 3rd period - Penalty to Arturs Kulda is over, Arturs Kulda is back on ice.
12:38 of 3rd period - Slapshot by Thomas Hickey.
12:38 of 3rd period - Shot Misses the Net.
12:40 of 3rd period - Slapshot by Matt Taormina.
12:40 of 3rd period - Deflect By Matt Frattin.
12:40 of 3rd period - Stopped by Corey Crawford with a rebound.
12:42 of 3rd period - Snap shot by Joshua Bailey.
12:42 of 3rd period - Stopped by Corey Crawford without a rebound.
12:43 of 3rd period - Mikael Backlund wins face-off versus Nick Bonino in Carnivores zone.
12:43 of 3rd period - Mikael Backlund is hit by Anton Stralman.
12:58 of 3rd period - Snap shot by Mikael Backlund.
12:58 of 3rd period - Stopped by Thomas McCollum with a rebound.
13:13 of 3rd period - Slapshot by Arturs Kulda.
13:13 of 3rd period - Shot Blocked by Billy Sweat.
13:35 of 3rd period - Jeremy Welsh is hit by Arturs Kulda.
14:07 of 3rd period - Josef Melichar is hit by Anton Stralman and loses puck.
14:12 of 3rd period - Wrist shot by Chris Lawrence.
14:12 of 3rd period - Shot Misses the Net.
14:14 of 3rd period - Slapshot by Keith Aulie.
14:14 of 3rd period - Deflect By Pavel Brendl.
14:14 of 3rd period - Stopped by Thomas McCollum with a rebound.
14:25 of 3rd period - Minor Penalty to Drayson Bowman for Holding.
14:26 of 3rd period - Jesse Winchester wins face-off versus Evgeny Grachev in High Goats zone.
15:05 of 3rd period - Slapshot by Josef Melichar.
15:05 of 3rd period - Deflect By Chris Lawrence.
15:05 of 3rd period - Shot Misses the Net.
15:05 of 3rd period - Puck is out of play.
15:06 of 3rd period - Jesse Winchester wins face-off versus Evgeny Grachev in High Goats zone.
15:06 of 3rd period - Jesse Winchester is hit by Blake Geoffrion.
15:36 of 3rd period - Slapshot by Phil Oreskovic.
15:36 of 3rd period - Goal by Phil Oreskovic - High Goats : 3 - Carnivores : 5.
15:37 of 3rd period - Joshua Bailey wins face-off versus Evgeny Grachev in neutral zone.
15:42 of 3rd period - Matt Frattin is hit by Evgeny Grachev and loses puck.
16:06 of 3rd period - Minor Penalty to Jesse Winchester for Slashing.
16:07 of 3rd period - Tim Conboy wins face-off versus Joshua Bailey in High Goats zone.
16:10 of 3rd period - Snap shot by Blake Geoffrion.
16:10 of 3rd period - Stopped by Thomas McCollum with a rebound.
16:16 of 3rd period - Snap shot by Tim Conboy.
16:16 of 3rd period - Stopped by Thomas McCollum with a rebound.
16:18 of 3rd period - Slapshot by Keith Aulie.
16:18 of 3rd period - Shot Blocked by Anton Stralman.
16:20 of 3rd period - Slapshot by Josef Melichar.
16:20 of 3rd period - Stopped by Thomas McCollum without a rebound.
16:21 of 3rd period - Evgeny Grachev wins face-off versus Joshua Bailey in High Goats zone.
16:22 of 3rd period - Snap shot by Blake Geoffrion.
16:22 of 3rd period - Goal by Blake Geoffrion - High Goats : 3 - Carnivores : 6.
16:23 of 3rd period - Manny Malhotra wins face-off versus Jesse Winchester in neutral zone.
16:46 of 3rd period - Minor Penalty to Nick Bonino for Delaying the game.
16:47 of 3rd period - Blake Geoffrion wins face-off versus Jesse Winchester in High Goats zone.
16:55 of 3rd period - Minor Penalty to Jesse Winchester for Roughing.
16:56 of 3rd period - Pavel Brendl wins face-off versus Evgeny Grachev in High Goats zone.
17:11 of 3rd period - Wrist shot by Blake Geoffrion.
17:11 of 3rd period - Shot Misses the Net.
18:03 of 3rd period - Phil Oreskovic is hit by Arturs Kulda and loses puck.
18:46 of 3rd period - Penalty to Nick Bonino is over, Nick Bonino is back on ice.
18:55 of 3rd period - Penalty to Jesse Winchester is over, Jesse Winchester is back on ice.
19:17 of 3rd period - Snap shot by Joshua Bailey.
19:17 of 3rd period - Goal by Joshua Bailey - High Goats : 4 - Carnivores : 6.
19:18 of 3rd period - Evgeny Grachev wins face-off versus Brendon Segal in neutral zone.
19:34 of 3rd period - Minor Penalty to Jeremy Welsh for Hooking.
19:34 of 3rd period - Minor Penalty to Matt Irwin for Hooking.
19:35 of 3rd period - Evgeny Grachev wins face-off versus Jesse Winchester in Carnivores zone.
19:42 of 3rd period - Snap shot by Jesse Winchester.
19:42 of 3rd period - Shot Blocked by Keith Aulie.
Output by the SimonT Hockey Simulator (STHS) for François Prévost -- Original Page W3C XHTML 1.0 Valid